Map: Dusk Towers

Players

HiTMaN - Winner!

  • Race: Zerg Zerg
  • League: Diamond

Izix

  • Race: Zerg Zerg
  • League: Diamond

VOD

Have the link to the VOD?

Description

Time

  • Played on: Nov. 24, 2015, 9:19 p.m.
  • Length: 12:36
Show
View Real Time Build Order
Export as new Build Order

HiTMaN Zerg - Winner!

Build Orders: Hatch First 

Get SALT Encoding   

  12  0:01  Drone  
  13  0:14  Overlord  
  13  0:20  Drone  
  14  0:32  Drone  
  15  0:47  Hatchery  
  14  0:53  Drone  
  14  0:54  Drone  
  16  0:59  Drone  
  17  1:10  Drone  
  18  1:19  Spawning Pool  
  18  1:21  Extractor  
  18  1:23  Drone  
  18  1:24  Extractor  
  16  1:34  Drone  
  18  1:47  Drone  
  18  1:52  Drone  
  19  2:02  Drone x2  
  19  2:07  Queen x2  
  25  2:17  Spine Crawler  
  25  2:18  Drone  
  25  2:22  Drone  
  26  2:26  Drone  
  27  2:31  Overlord  
  27  2:37  Drone  
  28  2:51  Drone, Baneling Nest  
  29  2:55  Roach Warren  
  28  3:01  Spine Crawler  
  28  3:04  Drone x3  
  28  3:05  Drone  
  31  3:10  Drone  
  32  3:16  Lair  
  32  3:27  Drone  
  32  3:28  Drone x3  
  32  3:31  Overlord  
  36  3:45  Overlord x3  
  36  4:03  Roach x6  
  36  4:05  Roach  
  36  4:08  Roach  
  52  4:13  Glial Reconstitution  
  52  4:32  Drone, Extractor  
  52  4:34  Roach, Extractor  
  52  4:35  Roach x3  
  52  4:38  Overlord x3  
  59  4:56  Roach x5  
  59  4:57  Roach  
  71  5:16  Roach x5  
  81  5:25  Roach  
  83  5:29  Overlord x2  
  83  5:31  Drone  
  70  6:16  Roach  
  70  6:17  Roach x5  
  60  6:51  Roach  
  60  6:52  Roach x5  
  66  7:18  Roach  
  66  7:19  Roach x3  
  66  7:21  Hatchery  
  73  7:25  Hatchery  
  73  7:27  Roach x7  
  86  7:50  Spire  
  85  7:51  Drone x2  
  85  7:52  Drone  
  85  7:53  Drone  
  85  7:55  Drone x2  
  85  7:56  Drone  
  92  8:04  Drone x3  
  92  8:05  Drone x2  
  97  8:24  Extractor  
  96  8:28  Extractor  
  95  8:47  Drone x3  
  98  9:02  Mutalisk  
  98  9:03  Mutalisk x5, Roach  
  98  9:08  Overlord  
  98  9:09  Overlord x3  
  112  9:26  Mutalisk x5  
  122  9:37  Mutalisk x2  
  126  9:39  Roach, Zergling x2  
  126  9:40  Zergling x14  
  122  10:05  Mutalisk x3  
  122  10:06  Mutalisk  
  90  10:36  Roach  
  90  10:37  Roach x12  
  104  10:51  Roach  
  104  10:52  Roach x4  
  114  11:06  Roach x4  
  114  11:39  Roach  
  114  11:40  Roach x11  
  114  11:41  Roach  
  122  12:06  Roach x6  
  122  12:07  Roach  
Show
View Real Time Build Order
Export as new Build Order

Izix Zerg 

Build Orders: Hatch First 

Get SALT Encoding   

  12  0:01  Drone  
  13  0:14  Drone  
  13  0:19  Extractor  
  13  0:20  Drone, Extractor  
  13  0:21  Drone  
  13  0:27  Overlord  
  16  0:52  Hatchery, Drone  
  16  1:01  Extractor  
  15  1:10  Spawning Pool  
  14  1:12  Drone  
  14  1:16  Drone  
  16  1:20  Drone  
  17  1:27  Drone  
  18  1:34  Drone  
  19  1:55  Hatchery, Drone  
  19  1:58  Zergling x2  
  20  2:04  Metabolic Boost  
  20  2:10  Drone  
  20  2:11  Drone  
  22  2:21  Queen  
  24  2:26  Drone  
  24  2:28  Drone  
  26  2:39  Queen  
  26  2:42  Overlord  
  28  2:55  Overlord  
  28  3:00  Overlord  
  28  3:04  Roach Warren  
  27  3:09  Queen  
  27  3:11  Drone  
  29  3:21  Drone x2  
  29  3:22  Zergling x2  
  29  3:23  Zergling x2  
  33  3:30  Queen  
  35  3:37  Drone  
  35  3:38  Spine Crawler  
  35  3:39  Drone  
  36  3:45  Drone x2  
  38  3:49  Drone x2  
  38  3:53  Drone  
  38  3:54  Drone  
  42  4:02  Drone x2  
  44  4:05  Drone x2  
  44  4:07  Roach  
  48  4:11  Overlord  
  48  4:16  Drone x3  
  50  4:25  Zergling x10  
  50  4:26  Zergling x2  
  55  4:34  Lair, Spine Crawler  
  54  4:42  Roach x3  
  54  4:45  Drone x2, Extractor  
  61  4:53  Roach x2  
  61  4:55  Overlord  
  61  4:57  Extractor  
  64  5:05  Drone x2  
  66  5:07  Overlord x2  
  66  5:12  Overlord  
  66  5:15  Drone x3  
  66  5:16  Drone  
  66  5:17  Drone  
  71  5:22  Drone x2  
  71  5:26  Roach x2  
  71  5:28  Roach  
  79  5:35  Spine Crawler  
  77  5:41  Roach x3  
  77  5:42  Roach x2  
  84  5:49  Roach x3  
  84  5:58  Roach x4  
  78  6:13  Roach x3  
  78  6:15  Roach x3  
  78  6:16  Roach x2  
  85  6:20  Roach  
  85  6:25  Evolution Chamber  
  74  6:30  Roach x3  
  78  6:35  Drone  
  73  6:53  Zerg Missile Weapons Level 1  
  71  6:54  Drone x3  
  71  6:55  Drone  
  71  6:56  Drone x2  
  77  7:07  Roach x2  
  77  7:08  Roach  
  83  7:13  Extractor  
  83  7:14  Extractor  
  81  7:24  Overseer  
  81  7:30  Drone x3  
  81  7:34  Drone x2  
  86  7:39  Drone x4  
  90  7:48  Drone x2  
  90  7:51  Roach  
  94  7:52  Ravager x2  
  94  7:56  Zergling x4  
  98  8:01  Overlord  
  98  8:10  Spine Crawler x2, Queen  
  98  8:19  Queen x2  
  102  8:26  Drone x2  
  102  8:27  Drone x2  
  106  8:29  Overlord  
  105  8:43  Drone  
  106  8:49  Drone x2  
  106  8:50  Overlord x3  
  106  8:53  Queen  
  106  8:55  Queen  
  112  8:56  Extractor  
  112  8:58  Roach, Glial Reconstitution  
  112  9:01  Overlord x2  
  113  9:03  Overlord x2  
  113  9:04  Overlord  
  113  9:18  Ravager  
  113  9:19  Ravager x5  
  113  9:20  Hatchery, Roach x6  
  130  9:28  Drone  
  130  9:29  Drone x2  
  133  9:36  Roach x6  
  133  9:37  Hatchery  
  144  9:47  Spore Crawler  
  144  9:49  Spore Crawler  
  142  9:53  Spore Crawler  
  142  9:58  Roach x4  
  142  9:59  Roach  
  146  10:06  Spore Crawler x3  
  112  10:22  Roach x6  
  112  10:23  Roach  
  114  10:34  Roach x6  
  118  10:39  Queen  
  104  10:52  Queen  
  100  11:08  Hydralisk Den  
  100  11:09  Queen x3  
  105  11:14  Queen  
  102  11:24  Roach x6  
  102  11:25  Roach  
  88  11:40  Hydralisk x3  
  88  11:41  Roach x2  
  94  11:56  Hydralisk x4  
  96  12:11  Hydralisk x3, Roach  
  96  12:12  Roach  
Tags
 
Add a new tag
Caveats
  • Supply blocks, unpowered buildings, or Contaminate may cause inaccurate times.
  • Supply counts are checked every 10 seconds.